[Event "US Masters 2022"]
[Site "Charlotte"]
[Date "2022.11.25"]
[Round "4.14"]
[White "Williams, Justus"]
[Black "Druska, Juraj"]
[Result "0-1"]
[ECO "A07"]
[WhiteElo "2395"]
[BlackElo "2511"]
[Annotator "TA"]
[PlyCount "112"]
[EventDate "2022.11.23"]
[EventType "swiss"]
[EventCountry "USA"]
[SourceTitle "playchess.com"]
[Source "ChessBase"]
[SourceQuality "1"]
[TimeControl "5400+30"]

1. Nf3 d5 2. g3 c6 3. Bg2 Bg4 4. h3 Bh5 5. O-O Nd7 6. d3 Ngf6 7. Nbd2 {[%emt 0:01:46] Recently 7.c4 got a lot of attention.} e5 8. c4 {[%emt 0:02:07] A07: Réti Opening: New York and Capablanca Systems.} Be7 9. Nh4 {[%emt 0:01:59] [#]} O-O $146 ({Predecessor:} 9... dxc4 10. Nxc4 O-O 11. a3 Nd5 12. Nf5 Bf6 13. Ncd6 Qb6 14. Qc2 Bg6 15. Bd2 Ne7 {0-1 (36) Gierse,H (1945)-Landscheidt,H (1952) Ruhrgebiet 2004}) 10. Nf5 {[%emt 0:02:05] The position is equal.} Re8 11. cxd5 Nxd5 (11... cxd5 {simplifies} 12. Nf3 Bf8 13. d4 e4) 12. Nc4 Qc7 13. Nxe7+ Rxe7 14. Bd2 N7f6 15. Qc2 e4 16. dxe4 (16. Bxe4 Nxe4 17. dxe4 Bg6 $17) 16... Bg6 $1 17. f3 ({Weaker is} 17. Ba5 b6 18. Be1 Bxe4 19. Bxe4 Nxe4 $17) 17... Qxg3 18. Qc1 Nb6 19. Bf4 Qh4 20. Nxb6 axb6 21. e5 ({White should play} 21. Bg5 $11 Qg3 22. Bf4) 21... Nh5 $1 $15 {[%emt 0:07:47] Black has more active pieces. White is now going downhill.} 22. Bg5 {[%emt 0:00:16] [#]} (22. Bh2 $1 $15) 22... Qg3 $1 $36 {[%emt 0:00:31][%mdl 2048] Keeping White busy.} ({Don't do} 22... Qd4+ 23. e3 Qxe5 24. Bxe7 Qxe7 25. Qd2 $14) 23. Rf2 (23. Bxe7 $2 {perishes.} Nf4 $19) (23. e4 $17 Rxe5 24. Be3) 23... Rxe5 $19 24. f4 {[%emt 0:00:41] [#]} Rc5 25. Qd2 (25. Qxc5 $142 bxc5 26. Rf3) 25... Be4 26. Qd4 (26. Bh4 $142 Qxh4 27. Bxe4) 26... Rxg5 (26... f5 $142 {And now ...h6 would win.} 27. Qd6 h6 28. Bxh6 gxh6 29. Qxh6 Ng7) 27. Qxe4 Rga5 28. b4 (28. e3 $142) 28... Ra3 (28... Rxa2 $2 29. Rxa2 Rd8 30. Rf3 Qe1+ 31. Kh2 $18) 29. Rd1 Rxa2 30. Qe5 g6 31. b5 (31. Rf3 $142 Qh4 32. f5) 31... R2a3 32. Rdf1 Ng7 33. Rf3 Rxf3 34. Rxf3 Qe1+ 35. Rf1 Qa5 36. bxc6 Qxe5 37. fxe5 bxc6 38. Bxc6 {[%emt 0:00:15][%mdl 4096] Endgame KRB-KRN} (38. Rb1 $17 {is a better defense.}) 38... Ra5 39. e4 Rxe5 40. Bd5 Ne6 41. Kg2 g5 {[%emt 0:02:37] Threatens to win with ...Nf4+.} 42. Kg3 Nf4 43. Rd1 (43. Bb7 {was called for.}) 43... Nxd5 44. exd5 {[%emt 0:00:02] KR-KR} Kf8 {[%emt 0:00:16] Hoping for ...b5.} 45. d6 $2 (45. Kf3) 45... Ke8 46. d7+ Kd8 47. Kg4 h6 48. Rd6 Re6 49. Rd5 Re4+ 50. Kf5 Re6 51. Kg4 $1 Rf6 {[%emt 0:00:55] Black is clearly winning.} 52. Kh5 Rc6 53. Kg4 f5+ 54. Kxf5 Rc5 55. Rxc5 bxc5 56. Ke5 h5 {[%emt 0:00:47] Weighted Error Value: White=0.37/Black=0.21 (precise)} 0-1

[Event "US Masters 2022"]
[Site "Charlotte"]
[Date "2022.11.25"]
[Round "4.15"]
[White "Balakrishnan, Praveen"]
[Black "Siddharth, Jagadeesh"]
[Result "1/2-1/2"]
[ECO "A20"]
[WhiteElo "2510"]
[BlackElo "2407"]
[Annotator "TA"]
[PlyCount "44"]
[EventDate "2022.11.23"]
[EventType "swiss"]
[EventCountry "USA"]
[SourceTitle "playchess.com"]
[Source "ChessBase"]
[SourceQuality "1"]
[TimeControl "5400+30"]

1. c4 e5 2. g3 Nf6 3. Bg2 c6 4. Nf3 e4 5. Nd4 d5 6. cxd5 Qxd5 7. Nc2 Qh5 8. h3 Qg6 9. Nc3 {[%emt 0:04:05] A20: English Opening: 1...e5.} Bd6 10. Ne3 O-O 11. d3 {[%emt 0:14:32] Black has an edge.} exd3 12. Qxd3 Qxd3 13. exd3 Na6 14. O-O (14. d4 {simplifies} Nc7 15. d5 cxd5 16. Nexd5 Ncxd5 17. Nxd5 Nxd5 18. Bxd5 Rd8 19. Bg2) 14... Be6 {[%emt 0:00:00] [#]} 15. Rd1 $146 ({Predecessor:} 15. d4 Nc7 16. Rd1 Rfd8 17. d5 cxd5 18. Nexd5 Nfxd5 19. Nxd5 Nxd5 20. Bxd5 Be5 21. Bf3 Rxd1+ 22. Bxd1 {½-½ (82) Trippold,D (2067)-Vidic,T (2176) Stary Smokovec 2018}) 15... Rad8 16. b3 Be5 17. Bb2 Nb4 {[%emt 0:00:00] Prevents Nc2.} 18. Na4 Bxb2 ({Much less strong is} 18... Nxd3 {[#]} 19. Rxd3 $1 Rxd3 20. Bxe5 $16) 19. Nxb2 Rd7 {[%emt 0:00:00] Black is slightly better.} 20. a3 Nbd5 21. b4 Rfd8 22. Rdc1 g6 {[%emt 0:00:00] Weighted Error Value: White=0.11 (very precise) /Black=0.05 (flawless)} 1/2-1/2

[Event "US Masters 2022"]
[Site "Charlotte"]
[Date "2022.11.25"]
[Round "4.16"]
[White "Sargsyan, Anna M."]
[Black "Brodsky, David"]
[Result "1/2-1/2"]
[ECO "B91"]
[WhiteElo "2384"]
[BlackElo "2509"]
[Annotator "TA"]
[PlyCount "48"]
[EventDate "2022.11.23"]
[EventType "swiss"]
[EventCountry "USA"]
[SourceTitle "playchess.com"]
[Source "ChessBase"]
[SourceQuality "1"]
[TimeControl "5400+30"]

1. e4 c5 2. Nf3 d6 3. d4 cxd4 4. Nxd4 Nf6 5. Nc3 a6 6. g3 e5 7. Nb3 {[%emt 0:00:48] B91: Sicilian Najdorf: 6 g3.} Be7 8. Bg5 Be6 9. f4 {[%emt 0:00:06] [#]} b5 $146 (9... exf4 $11 10. Bxf4 Nc6) ({Predecessor:} 9... exf4 10. Bxf4 Nc6 11. Qd2 O-O 12. O-O-O Ne5 13. Nd4 Bd7 14. Kb1 Rc8 15. h3 b5 {0-1 (25) Le,Q (2709)-Vachier Lagrave,M (2784) chess24.com INT 2020}) 10. fxe5 dxe5 11. Qxd8+ Bxd8 12. Nc5 Bc8 (12... Nbd7 $11 13. Nxe6 fxe6) 13. a4 Be7 14. Bxf6 gxf6 15. Nb3 bxa4 16. Rxa4 f5 17. Nd5 {[%emt 0:07:49] [#] Nc7+ is the strong threat.} Bd8 {[%emt 0:01:27] Against Nc7+} 18. Nc5 fxe4 19. Nxe4 {[%emt 0:03:22] Hoping for Nd6+. Pair of Knights!} Be6 ({Black should try} 19... Kf8 $14) 20. Bc4 $16 {[%emt 0:02:56] White is much more active.} Nd7 21. O-O (21. Rxa6 $2 {loses.} Rxa6 22. Bxa6 Bxd5 $19) (21. Nd6+ $18 Kf8 22. O-O (22. Rxa6 $2 {perishes.} Rxa6 23. Bxa6 Bxd5 $19)) 21... O-O $14 22. Ndf6+ (22. Rxa6 $2 {too greedy.} Bxd5 23. Rxa8 Bb6+ 24. Nf2 Bxa8 $19) 22... Nxf6 {[%emt 0:00:14] The position is equal.} 23. Nxf6+ Bxf6 24. Rxf6 Kg7 {[%emt 0:00:10] Weighted Error Value: White=0.18 (very precise) /Black=0.17 (very precise)} 1/2-1/2

[Event "US Masters 2022"]
[Site "Charlotte"]
[Date "2022.11.25"]
[Round "4.17"]
[White "Budisavljevic, Luka"]
[Black "Ippolito, Dean"]
[Result "1-0"]
[ECO "E97"]
[WhiteElo "2505"]
[BlackElo "2368"]
[Annotator "TA"]
[PlyCount "77"]
[EventDate "2022.11.23"]
[EventType "swiss"]
[EventCountry "USA"]
[SourceTitle "playchess.com"]
[Source "ChessBase"]
[SourceQuality "1"]
[TimeControl "5400+30"]

1. d4 Nf6 2. Nf3 g6 3. c4 Bg7 4. Nc3 O-O 5. e4 d6 6. Be2 e5 7. O-O Nc6 8. d5 Ne7 9. b4 a5 10. bxa5 Rxa5 11. a4 Ra8 {[%emt 0:00:00] E97: King's Indian: Classical Main Line (6...e5 7 0-0 Nc6): 8 Be3 and 8 d5 Ne7, not 9 Ne1.} 12. Ba3 {[%emt 0:00:00] 12.c5 is the modern continuation.} b6 13. Nd2 Ne8 {[%emt 0:00:00] The position is equal.} 14. Nb3 f5 {[%emt 0:00:00] [#]} 15. f3 $146 ({Predecessor:} 15. a5 bxa5 16. c5 fxe4 17. Nxe4 Nf5 18. Bb2 Nf6 19. Nxf6+ Qxf6 20. cxd6 cxd6 21. Rxa5 {½-½ (33) Wojtaszek,R (2728)-Amin,B (2685) Germany 2021}) 15... Bh6 16. Qd3 Bd7 17. Bb4 Kh8 18. Nb5 fxe4 19. fxe4 Rxf1+ 20. Kxf1 Nf6 21. a5 c5 22. Be1 Qf8 23. Kg1 bxa5 $1 24. Nxd6 {[%emt 0:00:00] And now Nb7 would win.} Nexd5 25. exd5 {[%emt 0:00:00] aiming for Nb7.} (25. Rxa5 $2 Rxa5 26. Bxa5 Nf4 $19) 25... Qxd6 26. Rxa5 Rb8 27. Bg3 Bg7 (27... Kg8 $11 {keeps the balance.}) 28. Nd2 {[%emt 0:00:00] White is more active.} ({Inferior is} 28. Nxc5 Qb6 29. Be1 Bf8 $17) 28... Qb6 29. Qc3 (29. Bxe5 $2 {perishes.} Qxa5 30. Bxb8 Bf5 $19) 29... e4 {[%emt 0:00:00] Loses the game.} 30. Bxb8 $18 Ng4 {[%emt 0:00:00] [#] Against Be5} (30... Qxb8 31. Qg3 (31. Rxc5 $2 {loses.} Ng4 $19) 31... Qb2 32. Ra8+ Ne8) 31. Ra8 $1 {[%emt 0:03:11] Threatening mate with Be5+.} Bc8 32. Qb3 Bd4+ 33. Kf1 Qf6+ {[%emt 0:00:00] [#]} 34. Bf3 $1 Ne3+ (34... exf3 35. Qxf3) 35. Ke2 exf3+ 36. Nxf3 {[%emt 0:00:17][%cal Ob8e5] Be5! is the strong threat.} Kg7 {[%emt 0:00:00] [#]} 37. Qxe3 $1 Bg4 (37... Bxe3 38. Be5) 38. Ra7+ Kf8 39. Qh6+ {[%emt 0:00:47] Weighted Error Value: White=0.26 (precise) /Black=0.40} 1-0

[Event "US Masters 2022"]
[Site "Charlotte"]
[Date "2022.11.25"]
[Round "4.18"]
[White "Perrine, Dalton"]
[Black "Kavutskiy, Konstantin"]
[Result "0-1"]
[ECO "E70"]
[WhiteElo "2253"]
[BlackElo "2383"]
[Annotator "TA"]
[PlyCount "65"]
[EventDate "2022.11.23"]
[EventType "swiss"]
[EventCountry "USA"]
[SourceTitle "playchess.com"]
[Source "ChessBase"]
[SourceQuality "1"]
[TimeControl "5400+30"]

1. d4 Nf6 2. c4 g6 3. Nc3 Bg7 4. e4 d6 5. Nge2 h5 6. Bg5 {[%emt 0:02:40] [#] E70: King's Indian: Miscellaneous lines with 4 e4, including 5 Nge2 and 5 Bd3 0-0 6 Nge2.} a6 $146 ({Predecessor:} 6... O-O 7. Qd2 c5 8. d5 a6 9. a4 Qa5 10. Ra3 e6 11. Nc1 exd5 12. cxd5 Re8 13. f3 {½-½ (32) Romero Holmes,A (2451)-Arribas Lopez,A (2559) Linares 2015}) 7. f3 {[%emt 0:19:13] Against b5} O-O 8. Qd2 {[%emt 0:02:02] White is slightly better.} Nh7 9. Be3 b6 10. d5 c5 11. dxc6 Nxc6 12. Nf4 Bd7 13. Nfd5 (13. Be2 $16) 13... Rb8 $11 14. Qf2 (14. Rd1 $14) 14... b5 $1 15. Bb6 {[%emt 0:00:00] Prevents Qa5.} (15. cxb5 axb5 16. Bxb5 Ne5 $14) 15... Qe8 16. cxb5 axb5 17. Nxb5 {[%emt 0:00:00] Black must now prevent Nbc7.} f5 $1 18. Bc4 Kh8 $1 19. exf5 (19. O-O $11) 19... Rxf5 $15 {[%emt 0:02:39] And now ...Ne5 would win.} 20. O-O Ne5 $1 {[%emt 0:01:38][%csl LRb5,LRc4][%mdl 1024] Black has compensation.} 21. Nbc7 Qf7 22. Bb3 {[%emt 0:01:02] Hoping for Ne3.} e6 $1 23. Ne3 Rf4 24. Ba5 Ng5 25. Qe2 {[%emt 0:01:07] [#] This move loses the game for White.} (25. Qg3 $15 Ngxf3+ 26. gxf3) 25... Bc6 $1 $19 {[%emt 0:03:06][%cal Re5f3] ...Nexf3+! is the strong threat.} 26. Rac1 $2 {[%emt 0:01:15] [#]} (26. Kh1) 26... Nexf3+ $1 27. gxf3 (27. Kh1 Nd4) 27... Nxf3+ 28. Rxf3 Bxf3 29. Qe1 Bd4 (29... Bxb2 30. Nxe6 (30. Bxe6 Qf6 $15) 30... Re4 31. Bc3+ Bxc3 32. Qxc3+ Re5 33. Rf1 $18) 30. h3 {[%emt 0:00:20] Against Rg4+} (30. Bc3 $19 Rg4+ 31. Kf1 Rxb3 32. axb3 (32. Bxd4+ $2 Rxd4 33. axb3 Bb7+ 34. Kg1 Qf3 $19) 32... Be4+ 33. Qf2) 30... Qf6 (30... Bxb2 $2 31. Nxe6 (31. Bxe6 $2 {is the wrong capture.} Qe7 $19) 31... Qf6 32. Nxf4 Qxf4 33. Bc3+ Bxc3 34. Qxc3+ $18) (30... Qf5 $142 31. Kh2 Qe5 32. Ng2 Re4+ 33. Qg3 Re2 34. Qxe5+ Bxe5+ 35. Kg1 Rxg2+ 36. Kf1 Bd4 37. Ke1 {[#]} Rxb3 $1 38. Nd5 Re3+ 39. Nxe3 Bxe3 40. Rc8+ Kh7 41. Rh8+ Kxh8 42. Bc3+ Kh7 43. h4 Rg1#) 31. Nxe6 {[%emt 0:00:26] [#]} (31. Bc3 $142 e5 32. Ncd5 Qg5+ 33. Kh2 Bxd5 34. Bxd5) 31... Rxb3 $1 32. Nxd4 (32. axb3 Qxe6) 32... Qg5+ (32... Rxb2 33. Nxf3 Qe7 34. Rc8+ Kh7 35. Bc3 g5 36. Bxb2 Re4 37. Rh8+ Kg6 38. Qb1) 33. Kh2 {[%emt 0:01:04] Weighted Error Value: White=0.98/Black=0.27 (precise)} 0-1

[Event "US Masters 2022"]
[Site "Charlotte"]
[Date "2022.11.25"]
[Round "4.19"]
[White "Beradze, Irakli"]
[Black "Oberoi, Shelev"]
[Result "1-0"]
[ECO "D02"]
[WhiteElo "2494"]
[BlackElo "2328"]
[Annotator "TA"]
[PlyCount "41"]
[EventDate "2022.11.23"]
[EventType "swiss"]
[EventCountry "USA"]
[SourceTitle "playchess.com"]
[Source "ChessBase"]
[SourceQuality "1"]
[TimeControl "5400+30"]

1. Nf3 {[%emt 0:06:37] Kostakiev,D} d5 2. g3 Nc6 3. d4 Bf5 4. Nh4 Be4 5. f3 Bg6 {[%emt 0:00:02] [#]} 6. c4 $146 {[%emt 0:07:41] D02: 1 d4 d5 2 Nf3 sidelines, including 2...Nf6 3 g3 and 2...Nf6 3 Bf4.} ({Predecessor:} 6. Nxg6 hxg6 7. Bg2 Qd6 8. f4 O-O-O 9. c3 g5 10. Qd3 Kb8 11. fxg5 e5 12. O-O e4 13. Rxf7 exd3 {0-1 (13) Karpov,A (2735)-Sadler,M (2650) Monte Carlo 1998 CBM 063 Extra [Kostakiev,D]}) 6... e6 ({Much less strong is} 6... dxc4 7. d5 Nb8 8. e4 $16) 7. Nc3 Bb4 (7... Qd7 $11) 8. a3 {[%emt 0:06:32] White is slightly better.} Bxc3+ 9. bxc3 Na5 10. cxd5 exd5 11. e4 Qd7 12. Bg2 O-O-O 13. O-O Ne7 14. Rb1 Kb8 15. Qe2 (15. Qd3 {simplifies} Ka8 16. a4 Qxa4 17. Bf4) 15... c6 16. Qa6 {[%emt 0:08:32] White is more active.} Nc4 {[%emt 0:03:15] [#]} 17. Bh3 $1 $36 {[%emt 0:00:08][%mdl 2048] Black is under strong pressure.} Ka8 18. Bxd7 {[%emt 0:02:56][%csl Gb1][%cal Ra6b7] Really sharp!} bxa6 19. Bg4 (19. Bh3 $5 ) 19... Nd6 ({Black should play} 19... Nc8 $14) 20. Bf4 Nec8 $2 {[%emt 0:07:08][%mdl 8192] [#]} (20... Nc4 $16) 21. Bxc8 {[%emt 0:00:21] Weighted Error Value: White=0.07 (flawless) /Black=0.28 (precise)} 1-0

[Event "US Masters 2022"]
[Site "Charlotte"]
[Date "2022.11.25"]
[Round "4.20"]
[White "Bacus, Dharim"]
[Black "Grinberg, Eyal"]
[Result "0-1"]
[ECO "B94"]
[WhiteElo "2146"]
[BlackElo "2491"]
[Annotator "TA"]
[PlyCount "64"]
[EventDate "2022.11.23"]
[EventType "swiss"]
[EventCountry "USA"]
[SourceTitle "playchess.com"]
[Source "ChessBase"]
[SourceQuality "1"]
[TimeControl "5400+30"]

1. e4 c5 2. Nf3 d6 3. d4 cxd4 4. Nxd4 Nf6 5. Nc3 a6 6. Bg5 Nbd7 7. Qe2 {[%emt 0:00:54] 7.Qe2 is the recent fashion. B94: Sicilian Najdorf: 6 Bg5 Nbd7.} h6 8. Bh4 g6 9. O-O-O {[%emt 0:01:31] White is slightly better.} (9. f4 $5) 9... e5 {[%emt 0:00:06] Inhibits f4.} 10. Nb3 Be7 11. f3 b5 12. Bf2 Bb7 13. a3 Rc8 {[%emt 0:00:06][%cal Oc8c3] Hoping for ...Rxc3!} 14. Qd2 Qc7 15. Kb1 {[%emt 0:01:24] [#]} h5 $146 ({Predecessor:} 15... Kf8 16. g4 Kg7 17. h4 Nb6 18. Na5 Ba8 19. Bh3 Rb8 20. g5 Nh5 21. gxh6+ Rxh6 {½-½ (44) Georgiadis,I (2434)-Papaioannou,I (2597) Achaia 2012}) 16. Be3 O-O 17. h4 Rfd8 18. g4 {[%emt 0:01:50] Against d5} (18. Qf2 $11) 18... d5 $1 $15 {[%emt 0:06:03] Threatens to win with ...d4.} 19. Nxd5 (19. g5 $1 $15 d4 20. gxf6 dxc3 21. Qxc3 Qxc3 22. bxc3 Nxf6 23. Rxd8+ Rxd8 24. Kb2) 19... Nxd5 $17 (19... Bxd5 20. exd5 Nxd5 21. Bd3 $11 (21. Qxd5 $2 Nf6 $19)) 20. exd5 {[%emt 0:00:05] [#]} Nf6 (20... Bxd5 $1 $17 21. Bg2 (21. Qxd5 $2 Nf6 $19) 21... hxg4 22. fxg4 Nf6) 21. Qf2 (21. Bd3 $1 $11 {keeps the balance.}) 21... Rxd5 {[%emt 0:05:15] Black is more active.} 22. Bh3 $2 {[%emt 0:13:13][%mdl 8192] This move loses the game for White.} ({White should try} 22. Rc1 $1 $15) 22... Rxd1+ $19 23. Rxd1 {[%emt 0:00:05] [#] Bb6 is the strong threat.} Bxf3 $1 24. Bb6 (24. Qxf3 $2 Qxc2+ 25. Ka2 Rc3) (24. gxh5 Bxd1) 24... Qc6 ({Worse is} 24... Bxd1 25. Bxc7 Rxc7 26. gxh5 $11) 25. Na5 Qa8 26. g5 Ng4 (26... Bxd1 $2 {perishes.} 27. Bxc8 Qxc8 28. gxf6 $19) 27. Bxg4 Bxg4 (27... hxg4 $2 {loses.} 28. Rd2 $19) 28. Rc1 Bf5 29. Nb3 (29. b4 $142) 29... Qd5 {[%emt 0:00:20] Black is clearly winning.} 30. Nd2 b4 31. axb4 Bxb4 {[%emt 0:00:14] A strong pair of Bishops.} 32. Nf1 {[%emt 0:00:01] [#]} Rxc2 $1 {[%emt 0:06:06][%mdl 512] Weighted Error Value: White=0.82/Black=0.15 (very precise)} 0-1

[Event "US Masters 2022"]
[Site "Charlotte"]
[Date "2022.11.25"]
[Round "4.21"]
[White "Liang, Awonder"]
[Black "Zapata, Alonso"]
[Result "1-0"]
[ECO "B47"]
[WhiteElo "2630"]
[BlackElo "2336"]
[Annotator "TA"]
[PlyCount "65"]
[EventDate "2022.11.23"]
[EventType "swiss"]
[EventCountry "USA"]
[SourceTitle "playchess.com"]
[Source "ChessBase"]
[SourceQuality "1"]
[TimeControl "5400+30"]

1. e4 c5 2. Nf3 e6 3. d4 cxd4 4. Nxd4 Nc6 5. Nc3 Qc7 6. Be2 a6 7. Nxc6 {[%emt 0:00:00] B47: Sicilian: Taimanov: 5 Nc3 Qc7 6 f4, 6 g3 and 6 Be2.} dxc6 8. O-O e5 9. Qd3 {[%emt 0:00:00] White is slightly better.} Nf6 10. f4 {[%emt 0:00:00] [#]} Bd6 $146 ({Predecessor:} 10... Be6 11. Kh1 h5 12. fxe5 Ng4 13. Bf4 Rd8 14. Qf3 Nxe5 15. Qg3 h4 16. Qf2 Bd6 {1-0 (76) Sarana,A (2649)-Pichot,A (2630) Chess.com INT 2021}) 11. Qg3 O-O 12. f5 {[%emt 0:00:00] Threatens to win with Bh6.} Rd8 13. a4 b6 14. Qf3 Bc5+ 15. Kh1 Bb4 16. Bg5 Bb7 (16... Be7 $11 {keeps the balance.}) 17. Bxf6 $16 gxf6 18. Nd1 Kh8 19. Ne3 b5 ({Better is} 19... Bd2 $1 $14) 20. Qh5 Bd2 (20... Rg8 $16) 21. Ng4 $18 Qe7 22. Rad1 {[%emt 0:00:00] aiming for Rf3.} Rd6 $2 (22... Bg5) 23. Bd3 Ba5 (23... c5 {was called for.} 24. Rxd2 c4) 24. Nh6 {[%emt 0:00:00] Black must now prevent Rf3.} Rd7 25. Be2 {[%emt 0:00:00] Strongly threatening Rxd7.} Bd2 {[%emt 0:03:00] [#]} 26. Rf3 $1 Bf4 (26... c5 {[#]} 27. Rxd2 $1 Rxd2 28. Nxf7+ Kg8 29. Rg3+ Kf8 30. Qh6+ Ke8 31. Qxd2) 27. Rxd7 Qxd7 28. Rd3 {[%emt 0:00:00] Against Qd2} (28. Nxf7+ Kg8 $16) (28. Qxf7 Qxf7 29. Nxf7+ Kg8 $16) 28... Qe7 29. Ng4 {[%emt 0:03:32][%cal Od3d7] Hoping for Rd7!} (29. Qxf7 Qxf7 30. Nxf7+ Kg8 $18) (29. Nxf7+ Kg8 30. Rh3 Qxf7 $18) 29... Rg8 $2 {[%emt 0:00:05] [#]} (29... Kg7 30. g3 (30. Rh3 h6 $11) 30... Qb4) 30. Rd7 $3 Qb4 (30... Rg5 31. Rxe7) 31. c3 (31. Rxb7 $2 Qe1+) 31... Qxe4 32. Qxf7 (32. Nxf6 $2 Qxg2#) ({Not} 32. Qxh7+ Kxh7 33. Nxf6+ (33. Rxf7+ $2 {perishes.} Kh8 $19) 33... Kg7 34. Nxe4 Bc8 $14) 32... Qb1+ 33. Bd1 {[%emt 0:00:05] Weighted Error Value: White=0.13 (very precise) /Black=0.63} 1-0

[Event "US Masters 2022"]
[Site "Charlotte"]
[Date "2022.11.25"]
[Round "4.22"]
[White "Antipov, Mikhail Al."]
[Black "Narayanan, Samrug"]
[Result "1-0"]
[ECO "C65"]
[WhiteElo "2608"]
[BlackElo "2340"]
[Annotator "TA"]
[PlyCount "143"]
[EventDate "2022.11.23"]
[EventType "swiss"]
[EventCountry "USA"]
[SourceTitle "playchess.com"]
[Source "ChessBase"]
[SourceQuality "1"]
[TimeControl "5400+30"]

1. e4 e5 2. Nf3 Nc6 3. Bb5 Nf6 4. d3 Bc5 5. Bxc6 dxc6 6. Nbd2 {[%emt 0:00:36] C65: Ruy Lopez: Berlin Defence (3...Nf6), unusual lines and 4 0-0 Bc5.} Be6 7. Qe2 Nd7 8. Nb3 {[%emt 0:02:04] The position is equal.} Bb6 9. Ng5 Bxb3 10. axb3 f6 11. Nf3 ({Much weaker is} 11. Ne6 Qe7 12. Qg4 g6 $15) 11... Nf8 {[%emt 0:01:19] [#]} 12. Nd2 $146 ({Predecessor:} 12. O-O Ne6 13. Be3 Qd7 14. b4 a6 15. Nd2 O-O-O 16. Nc4 Bd4 17. Rfd1 Kb8 18. c3 Bxe3 19. Qxe3 {0-1 (50) Caruana,F (2835)-Grischuk,A (2777) Chess.com INT 2020}) 12... Ne6 13. Nc4 Bc5 14. O-O O-O 15. Bd2 Qd7 16. b4 Be7 17. Na5 Rab8 18. Nb3 a6 19. Ra5 Rbd8 20. g3 Nd4 21. Nxd4 Qxd4 22. Bc3 Qb6 23. Qd2 c5 24. bxc5 Bxc5 25. Kg2 Qc6 26. Qe2 Bb6 27. Raa1 Bd4 28. Bxd4 Rxd4 29. f4 exf4 30. Rxf4 Re8 31. Raf1 Rd6 32. R1f2 Qd7 33. Qh5 Qf7 34. Qg4 Qg6 35. Qh3 Rde6 36. Rg4 Qf7 37. Rh4 h6 38. Rh5 c6 39. Rff5 Re5 40. Rxe5 fxe5 $11 {[%emt 0:00:10][%mdl 4096] Endgame KQR-KQR} 41. Qg4 Rf8 {[%emt 0:03:10][%csl Gf8][%cal Rf7f1] [#]} 42. Rf5 {[%emt 0:00:17] Inhibits Qf1+. Active counter play!} (42. Rxe5 $2 Qf1#) 42... Qe7 43. Rxf8+ Kxf8 {[%emt 0:00:06] KQ-KQ} 44. Qc8+ Kf7 45. h4 g6 46. Kf3 h5 47. Ke2 Qb4 48. b3 a5 49. Kd1 Qe7 50. Kc1 Qb4 51. Qc7+ Kf6 52. Kd1 a4 53. bxa4 Qb1+ 54. Kd2 Qb4+ 55. Ke2 Qxa4 56. Kd1 {[%emt 0:00:52] Strongly threatening Qd6+.} Qb4 {[%emt 0:01:43] Prevents Qd6+.} 57. Qd8+ Kf7 58. Qd7+ Qe7 59. Qc8 Qb4 60. Ke2 Qb2 (60... Kg7 $11) 61. Qd7+ $16 Kf6 62. Qd6+ Kf7 63. Kd2 Kg7 (63... Qb5 $16) 64. Qe7+ $18 Kg8 65. Qf6 Kh7 $2 (65... Qb4+ {was worth a try.} 66. Ke2 Qc3) 66. Qf7+ Kh6 {[%emt 0:01:24] [#]} (66... Kh8 $142 67. Qxg6 Qb4+ 68. Ke2 Qc3 69. Qxh5+ Kg8 70. Qg6+ Kf8 71. Qd6+ Kf7 72. Qd7+ Kf6) 67. Qg8 $1 {[%emt 0:00:06][%cal Rg8h8] White is clearly winning.} Qb4+ 68. Ke2 Qe7 69. Qh8+ Qh7 70. Qxe5 Qg8 71. Qg5+ Kh7 72. Qe7+ {[%emt 0:00:04] Weighted Error Value: White=0.03 (flawless) /Black=0.06 (flawless)} 1-0

[Event "US Masters 2022"]
[Site "Charlotte"]
[Date "2022.11.25"]
[Round "4.23"]
[White "Canty, James"]
[Black "Ozenir, Ekin Baris"]
[Result "1/2-1/2"]
[ECO "C13"]
[WhiteElo "2158"]
[BlackElo "2352"]
[Annotator "TA"]
[PlyCount "50"]
[EventDate "2022.11.23"]
[EventType "swiss"]
[EventCountry "USA"]
[SourceTitle "playchess.com"]
[Source "ChessBase"]
[SourceQuality "1"]
[TimeControl "5400+30"]

1. e4 e6 2. d4 d5 3. Nc3 Nf6 4. Bg5 dxe4 5. Nxe4 Be7 6. Bxf6 gxf6 7. Nf3 f5 8. Nc3 a6 {[%emt 0:00:42] C13: French: Classical System: 4 Bg5 Be7, Alekhine-Chatard Attack.} 9. Qe2 b5 10. O-O-O {[%emt 0:00:28] next Ne5 is good for White.} b4 $1 {[%emt 0:02:00] The position is equal.} 11. Na4 Qd5 12. c4 Qa5 13. b3 Bd7 $1 14. d5 Bxa4 15. bxa4 Qxa4 16. dxe6 b3 17. exf7+ $1 (17. Qb2 $2 Ba3 18. axb3 Qxb3 $19) 17... Kxf7 18. c5 {[%emt 0:00:05] [#] Threatens to win with Qc4+.} Qa3+ $146 (18... Bxc5 19. Ng5+ Kf8 20. Rd8+ Kg7 21. Qe5+ Kg6 22. Qe6+ Kh5 23. Be2+ (23. Rxh8 b2+ 24. Kxb2 Bd4+ 25. Kc1 Qa3+ 26. Kd1 Qa4+ 27. Qb3 Qxb3+ 28. axb3 Bxh8 $14) (23. Rxh8 b2+ 24. Kxb2 Bd4+ 25. Kc1 Qa3+ 26. Kd1 Qa4+ 27. Qb3 Qxb3+ 28. axb3 Bxh8 $16)) (18... Qxa2 19. Qxa2 bxa2 20. Bc4+ Kf6 21. Bxa2 $16) ({Predecessor:} 18... bxa2 19. Qc4+ Qxc4+ 20. Bxc4+ Kg7 21. Bxa2 Bxc5 22. Rhe1 Rf8 23. Ng5 Ba3+ 24. Kc2 Nc6 {1-0 (35) Duda,J (2750)-Gavrilescu,D (2518) Warsaw 2022}) 19. Qb2 Qxc5+ (19... Qxb2+ 20. Kxb2 Bf6+ 21. Kxb3 $16) 20. Kb1 {[%emt 0:00:06] [#] Strongly threatening Bc4+. Really sharp!} Bf6 21. Qxb3+ Kg7 $1 {[%emt 0:04:31] White must now prevent ...Nc6.} 22. Rd5 Qxf2 {[%emt 0:03:39] aiming for ...Nc6.} 23. Bc4 (23. Rxf5 $2 Nd7 24. Rxf6 (24. Kc1 $2 Rab8 $19) 24... Nxf6 $19) 23... Qb6 (23... Qxg2 $2 24. Rg1 $18) (23... Nc6 $11 {remains equal.} 24. Rd7+ (24. Rxf5 $2 {too greedy.} Rhb8 $19) 24... Ne7) 24. Qxb6 {[%emt 0:02:12] White is more active.} cxb6 25. Rxf5 Nc6 {[%emt 0:11:13] Weighted Error Value: White=0.05 (flawless) /Black=0.09 (flawless)} 1/2-1/2